 Dungeon Crawl Stone Soup version 0.17.0-8-gb983d21 (webtiles) character file.

1040073 RKaid the Axe Maniac (level 27, -3/245 HPs)
             Began as a Minotaur Fighter on Nov 7, 2015.
             Was the Champion of Okawaru.
             Killed by divine providence
             ... invoked by a greater mummy
              (14 damage)
             ... on level 9 of a ziggurat on Nov 9, 2015.
             The game lasted 08:58:46 (107926 turns).

RKaid the Axe Maniac (Minotaur Fighter)           Turns: 107926, Time: 08:58:47

Health: -3/245     AC: 43    Str: 41    XL:     27
Magic:  34/34      EV: 21    Int: 16    God:    Okawaru [******]
Gold:   10573      SH: 35    Dex: 19    Spells: 7 memorised, 42 levels left

rFire  + + .     SeeInvis .     a - +9 broad axe of the Blessed Realm {flame, Str+4}
rCold  + + .     Rnd*Rage +     Z - +14 crystal plate armour
rNeg   + + +     SustAt   .     M - +6 large shield of the Mantidfly {rF+ rC++ Int+4}
rPois  +         Gourm    .     x - +3 hat of Pondering {ponderous, MR+ MP+10 Int+5}
rElec  .         Spirit   .     o - +2 cloak {rPois}
rCorr  .         Warding  +     V - +3 pair of gauntlets of War {Slay+5}
rMut   .         Stasis   .     R - +1 pair of boots of the Wilderness {rN+ MP-9 Dex+3}
MR     +++..                    Y - macabre finger necklace {Ward rN+}
Stlth  ..........               y - +6 ring of protection
                                B - +5 ring of slaying
                                F - ring of the Fifty Curses {rF+ rN+ MP-9 EV-3 Str+9}

@: exhausted, flayed, corroded equipment, slowed, repel missiles, very slow,
extremely resistant to hostile enchantments, extremely unstealthy
A: retaliatory headbutt, horns 2, berserk 2, blurry vision 1, clever 1, deformed
body, frail 1, screaming 2
a: Heroism, Finesse, Renounce Religion
}: 8/15 runes: decaying, slimy, silver, abyssal, demonic, magical, dark,
gossamer


You were on level 9 of a ziggurat.
You worshipped Okawaru.
Okawaru was exalted by your worship.
You were not hungry.

You visited 14 branches of the dungeon, and saw 70 of its levels.
You visited Pandemonium 6 times, and saw 21 of its levels.
You visited the Abyss 4 times.
You visited 1 bazaar.
You visited 1 ziggurat, and saw 9 of its levels.
You also visited: Trove and Bailey.

You collected 12513 gold pieces.
You spent 1940 gold pieces at shops.

Inventory:

Hand Weapons
 a - the +9 broad axe of the Blessed Realm (weapon) {flame, Str+4}
   (Okawaru gifted it to you on level 9 of the Dungeon)

   It has been specially enchanted to burn those struck by it, causing extra
   injury to most foes and up to half again as much damage against particularly
   susceptible opponents.
   Big, fiery blades are also staple armaments of hydra-hunters.
   It affects your strength (+4).
 b - the +6 arbalest "Hellfire" {hellfire, rF++ rC- MR+}
   (You found it on level 1 of the Vaults)

   It greatly protects you from fire.
   It makes you vulnerable to cold.
   It affects your resistance to hostile enchantments.
 q - the +10 hand crossbow of Mourning {velocity, rC+++ MR+ MP-9 Dex-2}
   (Okawaru gifted it to you on level 6 of a ziggurat)

   Any bolt fired from it inflicts extra damage.
   It affects your dexterity (-2).
   It renders you almost immune to cold.
   It affects your resistance to hostile enchantments.
   It affects your magic capacity (-9).
 w - the +2 triple crossbow "Muohuck" {penet, rPois MP+9}
   (You found it on level 3 of the Elven Halls)

   Ammo fired by it will pass through the targets it hits, potentially hitting
   all targets in its path until it reaches maximum range.
   It protects you from poison.
   It affects your magic capacity (+9).
Missiles
 c - 862 bolts
 T - 31 javelins of penetration (quivered)
Armour
 o - a +2 cloak of poison resistance (worn)
 x - the +3 hat of Pondering (worn) {ponderous, MR+ MP+10 Int+5}
   (You found it on level 3 of the Swamp)

   It affects your intelligence (+5).
   It affects your resistance to hostile enchantments.
   It affects your magic capacity (+10).
 M - the +6 large shield of the Mantidfly (worn) {rF+ rC++ Int+4}
   (Okawaru gifted it to you on level 1 of the Spider Nest)

   It affects your intelligence (+4).
   It protects you from fire.
   It greatly protects you from cold.
 R - the +1 pair of boots of the Wilderness (worn) {rN+ MP-9 Dex+3}
   (You found it on level 6 of the Lair of Beasts)

   It affects your dexterity (+3).
   It protects you from negative energy.
   It affects your magic capacity (-9).
 V - the +3 pair of gauntlets of War (worn) {Slay+5}
   (You took it off Nikola on level 3 of the Vaults)

   It affects your accuracy and damage with ranged weapons and melee attacks
   (+5).
 Z - a +14 crystal plate armour (worn)
Jewellery
 h - an uncursed amulet of resist mutation
 r - the amulet "Bill" {Spirit rPois rC++ Str-2}
   (You found it in a treasure trove)

   [amulet of guardian spirit]

   It causes incoming damage to be split between your health and magic.
   It affects your strength (-2).
   It greatly protects you from cold.
   It protects you from poison.
 y - a +6 ring of protection (right hand)
 B - a +5 ring of slaying (left hand)
 F - the ring of the Fifty Curses (on amulet) {rF+ rN+ MP-9 EV-3 Str+9}
   (You found it on level 3 of the Vaults)

   [ring of evasion]

   It affects your evasion (-3).
   It affects your strength (+9).
   It protects you from fire.
   It protects you from negative energy.
   It affects your magic capacity (-9).
 L - the ring of the Peculiar Beds {+Blink rElec MR+ Int+4 Dex+2}
   (You took it off a vault warden on level 5 of the Vaults)

   [ring of protection from magic]

   It affects your intelligence (+4).
   It affects your dexterity (+2).
   It insulates you from electricity.
   It affects your resistance to hostile enchantments.
   It lets you blink.
 S - the ring of Amorality {rPois rC+ MR+ MP+9 Dex+2}
   (You took it off a deep elf high priest on level 5 of the Vaults)

   [ring of protection from cold]

   It affects your dexterity (+2).
   It protects you from cold.
   It protects you from poison.
   It affects your resistance to hostile enchantments.
   It affects your magic capacity (+9).
 X - the ring "Hexe" {-Tele rF+ rN+ Dex+2 SInv}
   (You found it on level 3 of the Crypt)

   [ring of positive energy]

   It affects your dexterity (+2).
   It protects you from fire.
   It protects you from negative energy.
   It lets you see invisible.
   It prevents most forms of teleportation.
 Y - the macabre finger necklace (around neck) {Ward rN+}
   (You took it off a yaktaur captain on level 5 of the Vaults)

   [amulet of warding]

   It may prevent the melee attacks of summoned creatures.
   It protects you from negative energy.
Wands
 m - a wand of invisibility (5)
 A - a wand of digging (9)
 K - a wand of teleportation (6)
 O - a wand of hasting (9)
Scrolls
 f - 15 scrolls of teleportation
 g - 30 scrolls of remove curse
 i - 27 scrolls of identify
 k - 19 scrolls of recharging
 l - 4 scrolls of blinking
 u - 2 scrolls of enchant armour
 v - a scroll of fear
 z - 13 scrolls of fog
 D - 7 scrolls of magic mapping
 G - 5 scrolls of summoning
 I - a scroll of holy word
 N - 3 scrolls of silence
Potions
 d - 9 potions of might
 j - 22 potions of curing
 n - 8 potions of agility
 p - 5 potions of invisibility
 s - 6 potions of heal wounds
 t - a potion of cancellation
 C - a potion of magic
 E - 4 potions of haste
 H - 3 potions of brilliance
 J - a potion of flight
 P - 5 potions of resistance
 W - a potion of cure mutation
Books
 Q - a book of Death

   Spells                             Type                      Level
   a - Corpse Rot                     Necromancy                   2
   b - Sublimation of Blood           Necromancy                   2
   c - Agony                          Necromancy                   5
   d - Dispel Undead                  Necromancy                   5
   e - Excruciating Wounds            Charms/Necromancy            5
   f - Bolt of Draining               Conjuration/Necromancy       5
Comestibles
 e - 20 meat rations


   Skills:
 O Level 27 Fighting
 O Level 27 Axes
 - Level 18.0 Crossbows
 - Level 4.0 Throwing
 O Level 27 Armour
 - Level 20.8 Dodging
 - Level 6.4 Stealth
 - Level 25.0 Shields
 + Level 16.3 Spellcasting
 - Level 8.2 Charms
 - Level 4.8 Summonings
 + Level 13.5 Necromancy
 - Level 6.5 Translocations
   Level 4.6 Transmutations
 - Level 4.9 Air Magic
 - Level 8.4 Invocations
 - Level 4.5 Evocations


You had 42 spell levels left.
You knew the following spells:

 Your Spells              Type           Power        Failure   Level  Hunger
A - Blink                 Tloc           N/A          1%          2    None
B - Summon Butterflies    Summ           ####....     2%          1    None
C - Song of Slaying       Chrm           #####...     1%          2    None
D - Regeneration          Chrm/Necr      #####.....   1%          3    None
E - Apportation           Tloc           ####......   1%          1    None
F - Repel Missiles        Chrm/Air       ####..       1%          2    None
G - Cigotuvi's Embrace    Necr           ######....   1%          5    ####...


Dungeon Overview and Level Annotations

Branches:
Dungeon (15/15)            Temple (1/1) D:6            Lair (8/8) D:9
  Swamp (4/4) Lair:4       Spider (4/4) Lair:4        Slime (6/6) Lair:7
    Orc (4/4) D:12            Elf (3/3) Orc:3        Vaults (5/5) D:14
  Crypt (3/3) Vaults:3       Tomb (0/3) Crypt:3      Depths (5/5) D:15
   Hell (1/1)                 Dis (7/7) Hell            Geh (0/7) Hell
    Coc (0/7) Hell            Tar (0/7) Hell            Zot (4/5) Depths:5

Altars:
Ashenzari
Cheibriados
Dithmenos
Elyvilon
Fedhas
Gozag
Kikubaaqudgha
Makhleb
Nemelex Xobeh
Okawaru
Qazlal
Ru
Sif Muna
Trog
Vehumet
Xom
Yredelemnul
Zin
The Shining One
Beogh
Jiyva

Shops:
D:6 ?}=}}   Orc:3 }   Orc:4 ==[%   Elf:2 **   Vaults:4 ((?   Depths:1 (

Portals:
Hell: Depths:1 Depths:2 Depths:3 Depths:4 Depths:5
Abyss: Depths:3 Depths:4
Pandemonium: Depths:3

Annotations:
Zig:9 exclusion: 2 oklob plants


Innate Abilities, Weirdness & Mutations

You reflexively headbutt those who attack you in melee.
You have a pair of horns on your head.
You often lose your temper in combat.
Scrolls take you a little longer to read.
Your mind is acute. (Int +2)
Armour fits poorly on your strangely shaped body.
You are frail (-10% HP).
You sometimes yell uncontrollably at your foes.


Message History

You chop the guardian mummy into pieces!!!
You burn the guardian mummy! You headbutt the guardian mummy.
You destroy the guardian mummy!
Okawaru accepts your kill.
You feel extremely nervous for a moment...
You shiver with cold.
You slice the anubis guard like a ripe choko!!!
You burn the anubis guard!
You kill the anubis guard!
Okawaru accepts your kill.
You are no longer berserk.
You are exhausted.
You feel yourself slow down.
The greater mummy calls on the powers of darkness!
The emperor scorpion convulses! x3
Your body is wracked with pain!
* * * LOW HITPOINT WARNING * * *
The greater mummy casts a spell at you. Something smites you!
You die...

▓▓▓▓▓▓▓▓▓▓▓
▓▓.........▓▓
▓▓...........▓▓
▓▓.......ZM....▓
▓▓........PMZ..|[
▓▓........)§WM..=?
▓.∩......§@n.s..?)
▓▓.......Z.)MM..)(
▓▓......PPPsZM.)"
▓▓........s....▓
▓▓...........▓▓
▓▓.........▓▓
▓▓▓▓▓▓▓▓▓▓▓


You could see 2 greater mummies, 3 emperor scorpions, a flayed ghost, 2 oklob
plants, a guardian mummy, a necrophage, 3 mummies, a sphinx skeleton, a spriggan
skeleton, a human skeleton and a juggernaut skeleton.

Vanquished Creatures
  the royal jelly (Slime:6)
  Gloorx Vloq (Pan)
  Lom Lobon (Pan)
  4 ancient liches
  2 orbs of fire
  Mara (Vaults:4)
  Mennas (Pan)
  A greater mummy (Zig:9)
  Boris (twice) (Vaults:5 Depths:5)
  Frederick (Depths:3)
  Margery (Vaults:3)
  4 caustic shrikes (Depths:3)
  4 curse toes
  Geryon (Hell)
  A Killer Klown (Zot:2)
  Nikola (Vaults:3)
  10 golden dragons
  Xtahua (Crypt:3)
  6 bone dragons
  16 pandemonium lords
  4 hellephants
  11 Brimstone Fiends
  4 electric golems
  Jorgrun (Depths:5)
  24 tentacled monstrosities
  12 Ice Fiends
  14 Hell Sentinels
  6 liches
  Asterion (Vaults:2)
  5 deep elf blademasters
  2 deep elf master archers
  3 titans (Vaults:5)
  18 Shadow Fiends
  4 sphinxes
  9 tentacled starspawn (Abyss:3)
  21 acid blobs
  8 death cobs
  An eldritch tentacle (Zig:8)
  32 Executioners
  4 ancient champions
  Kirke (Swamp:2)
  4 thorn hunters
  12 storm dragons
  8 tengu reavers
  9 shadow dragons
  5 draconian monks
  3 revenants
  22 azure jellies
  2 daevas
  9 blood saints (Pan)
  9 corrupters (Pan)
  13 frost giants
  26 cacodemons
  7 draconian knights
  9 iron dragons
  13 deep elf sorcerers
  2 orc warlords (Zig:5)
  Aizul (Elf:2)
  Louise (Spider:4)
  6 fire giants
  20 balrugs
  4 draconian zealots
  6 curse skulls
  18 vault wardens
  5 draconian scorchers
  6 emperor scorpions
  7 warmongers (Pan)
  4 ghost moths
  2 angels
  3 draconian shifters
  7 ghouls
  A juggernaut zombie (Crypt:2)
  2 spriggan defenders (Depths:4)
  8 ironheart preservers
  7 draconian annihilators
  2 draconian callers (Zot:2)
  3 vampire knights
  16 stone giants
  4 salamander firebrands (Hell)
  28 very ugly things
  32 reapers
  7 war gargoyles
  21 red draconians
  5 green draconians
  9 white draconians
  9 chaos champions (Pan)
  11 black draconians
  6 purple draconians
  Azrael (D:13)
  A salamander stormcaller (Vaults:4)
  17 lorocyprocas (Pan)
  15 black suns (Pan)
  23 blizzard demons
  11 deep elf demonologists
  23 deep elf annihilators
  11 mottled draconians
  9 yellow draconians
  3 merfolk javelineers (Zig:7)
  20 green deaths
  16 death oozes
  2 crystal guardians (Vaults:4)
  13 deep elf death magi
  A quicksilver dragon zombie (Dis:7)
  9 jiangshi
  36 vault guards
  14 ettins
  16 deep elf high priests
  Josephine (Spider:1)
  10 great orbs of eyes
  9 entropy weavers
  8 rakshasas
  7 eidola
  20 fire dragons
  17 ice dragons
  17 hydras
  14 yaktaur captains
  Erolcha (Orc:1)
  12 hell beasts
  A ghost crab (Swamp:2)
  13 monstrous demonspawn (Pan)
  12 centaur warriors
  8 statues (Depths:3)
  3 spriggan air magi (Depths:3)
  A catoblepas (D:15)
  5 death knights
  2 ghost crabs (shapeshifter)
  22 dancing weapons
  A death yak (shapeshifter) (Depths:5)
  5 alligators
  17 ogre magi
  6 tengu warriors
  9 thrashing horrors (Abyss:3)
  5 orc high priests
  2 titan zombies
  11 deep troll earth magi
  4 spriggan berserkers
  5 deep troll shamans
  3 vampire magi
  2 naga sharpshooters (Zig:7)
  Urug (D:10)
  9 death yaks
  28 deep elf knights
  45 sun demons
  3 iron golems
  5 titan skeletons
  74 soul eaters
  16 hell knights
  9 wretched stars
  A storm dragon zombie (Dis:5)
  44 ice devils
  9 hell hogs
  2 spatial maelstroms
  3 anaconda zombies
  51 skeletal warriors
  31 deep trolls
  12 gelid demonspawn (Pan)
  4 storm dragon skeletons
  7 giant orange brains
  6 ball lightnings (Pan)
  A death drake (Depths:2)
  2 anubis guards (Zig:9)
  27 shadow demons
  95 large abominations
  11 unseen horrors
  A cherub (Pan)
  2 golden dragon zombies
  16 shadow wraiths
  16 flayed ghosts
  12 swamp dragons
  8 hill giants
  2 spectral hydras (Depths:2)
  2 orange crystal statues (Depths:2)
  A shadow dragon zombie (Dis:3)
  3 anaconda skeletons
  11 deep elf summoners
  Pikel (D:5)
  3 shambling mangroves
  63 starcursed masses
  8 necromancers
  A wolf spider zombie (Dis:7)
  2 golden dragon skeletons (Crypt:3)
  17 infernal demonspawn (Pan)
  12 torturous demonspawn (Pan)
  5 harpies (Vaults:3)
  21 putrid demonspawn (Pan)
  2 iron dragon zombies
  20 phantasmal warriors
  3 mana vipers (Depths:2)
  7 oklob plants (Zig:9)
  47 sixfirhies
  A hornet (shapeshifter) (D:14)
  27 deep elf conjurers
  5 griffons
  A frost giant zombie (Dis:1)
  9 ironbrand convokers
  A mana viper (shapeshifter) (Depths:1)
  8 orc sorcerers
  2 fire giant zombies
  29 wizards
  25 wolf spiders
  46 ugly things
  7 stone giant zombies
  17 orc knights
  14 orb spiders
  2 iron dragon skeletons
  5 hornets
  2 manticores
  37 moths of wrath
  2 worldbinders (Abyss:3)
  A salamander (Depths:5)
  Maurice (D:8)
  72 smoke demons
  2 stone giant skeletons
  Joseph (D:8)
  5 apocalypse crabs
  11 fire giant skeletons
  4 frost giant skeletons
  2 shining eyes (Slime:6)
  8 black mambas
  A manticore (shapeshifter) (Depths:2)
  An ice statue (Hell)
  6 elephants
  11 cyclopes
  A torpor snail (Spider:4)
  30 rust devils
  3 eyes of devastation
  5 gargoyles
  2 dire elephant skeletons
  15 vault sentinels
  31 orange demons
  8 komodo dragons
  11 hellions
  20 spiny frogs
  An emperor scorpion zombie (Dis:3)
  11 kobold demonologists
  43 demonic crawlers
  2 komodo dragons (shapeshifter)
  38 yaktaurs
  28 tormentors
  A grey draconian skeleton (Crypt:1)
  38 hellwings
  9 ancient zymes
  6 efreet
  An entropy weaver zombie (Zig:2)
  18 freezing wraiths
  3 queen bees (shapeshifter)
  2 fire drakes (Lair:8)
  A wind drake (Bailey)
  8 blue devils
  A pale draconian skeleton (Crypt:2)
  A queen ant zombie (Crypt:2)
  6 tengu conjurers
  5 guardian mummies
  6 spriggan druids
  A shadow dragon simulacrum (Vaults:3)
  25 two-headed ogres
  22 red devils
  3 spectral merfolk (Depths:2)
  A polar bear (shapeshifter) (Abyss:3)
  10 deep elf priests
  An anaconda simulacrum (Depths:2)
  6 hydra zombies
  7 polar bears
  5 giant leeches
  7 trolls
  A wind drake (shapeshifter) (Vaults:5)
  15 jumping spiders
  A harpy skeleton (Crypt:1)
  A stone giant simulacrum (Crypt:1)
  An ushabti (Zig:9)
  2 jumping spiders (shapeshifter)
  5 blink frogs (Lair:8)
  A fire dragon zombie (Dis:7)
  16 flying skulls
  8 bog bodies
  2 hydra skeletons
  22 raiju
  10 boulder beetles
  7 fire dragon skeletons (Crypt:3)
  2 ice dragon zombies
  3 ettin zombies
  2 alligator zombies
  58 redbacks
  63 slime creatures
  2 ettin skeletons (Pan)
  A raiju (shapeshifter) (Elf:3)
  A black mamba zombie (Dis:5)
  3 vampires
  6 water elementals
  17 spriggans
  An alligator skeleton (Hell)
  28 tarantellas
  6 hogs (Swamp:2)
  A spriggan (shapeshifter) (Vaults:2)
  46 yaks
  An ice dragon skeleton (Pan)
  A basilisk (shapeshifter) (Vaults:1)
  18 trapdoor spiders
  2 basilisks
  A fire bat (Abyss:3)
  A human (shapeshifter) (Vaults:4)
  A yak (shapeshifter) (Vaults:4)
  A black mamba skeleton (Crypt:1)
  A wyvern (Lair:5)
  40 deep elf fighters
  36 deep elf magi
  21 fire elementals
  57 chaos spawn
  65 ynoxinuls
  A fire bat (shapeshifter) (Vaults:1)
  9 hungry ghosts
  35 wraiths
  18 golden eyes
  A hog (shapeshifter) (Depths:3)
  14 shadows
  21 swamp worms
  A steam dragon (D:13)
  Menkaure (D:5)
  6 hippogriffs
  10 vampire mosquitoes
  33 wolves
  A spatial vortex (Abyss:3)
  A soldier ant (D:15)
  A spiny frog zombie (Hell)
  11 wargs
  A wolf (shapeshifter) (Depths:5)
  A water nymph zombie (Crypt:1)
  A deep troll zombie (Vaults:4)
  A monstrous demonspawn zombie (Crypt:1)
  45 neqoxecs
  19 porcupines
  44 hell hounds
  17 water moccasins
  A monstrous demonspawn skeleton (Crypt:3)
  4 spectral spriggans (Depths:2)
  2 spectral trolls (Depths:2)
  A water moccasin (shapeshifter) (Depths:1)
  6 ice beasts
  27 small abominations
  7 swamp drakes
  An ice dragon simulacrum (Abyss:3)
  29 spiders
  4 eyes of draining
  A swamp dragon zombie (Crypt:1)
  19 wasps
  4 sky beasts
  A snapping turtle zombie (Depths:2)
  A black bear (shapeshifter) (Vaults:1)
  A boggart (Elf:1)
  49 ogres
  5 phantoms
  7 black bears
  35 centaurs
  3 necrophages
  A torpor snail zombie (Crypt:2)
  36 orc warriors
  A manticore skeleton (Crypt:1)
  17 big kobolds
  18 crocodiles
  A swamp dragon skeleton (Crypt:3)
  A gnoll sergeant (D:11)
  A dryad zombie (Crypt:1)
  2 water moccasin zombies
  2 brain worms
  A wyvern skeleton (Crypt:1)
  18 giant frogs
  12 killer bees
  3 scorpions
  4 spectral ogres (Depths:2)
  A spriggan zombie (Crypt:1)
  A snapping turtle simulacrum (Crypt:1)
  2 human simulacra
  An elf skeleton (Vaults:4)
  9 crimson imps
  12 wights
  2 spectral centaurs (Depths:2)
  2 electric eels
  16 jellies
  10 quasits
  Crazy Yiuf (D:5)
  2 giant frog zombies
  29 orc priests
  9 hounds
  33 orc wizards
  11 worker ants
  3 yak simulacra (Lair:7)
  2 centaur zombies
  8 iguanas
  14 iron imps
  A basilisk skeleton (Crypt:2)
  12 centaur skeletons
  7 hell rats (Hell)
  A lightning spire (Zot:3)
  4 wolf simulacra (Lair:7)
  8 sheep
  A killer bee zombie (D:8)
  A hound zombie (D:7)
  A mottled dragon skeleton (Crypt:2)
  A tengu skeleton (Pan)
  9 mummies
  3 worker ant zombies
  79 river rats
  17 adders
  13 gnolls
  16 white imps
  9 shadow imps
  A giant eyeball (Depths:2)
  2 oozes
  3 ufetubi
  A worm zombie (Crypt:1)
  2 worms
  2 adder skeletons
  An adder zombie (D:8)
  A halfling skeleton (Crypt:1)
  A lava snake skeleton (Crypt:1)
  6 giant geckos
  187 orcs
  18 bats
  19 goblins
  10 hobgoblins
  5 quokkas
  10 giant cockroaches
  14 giant newts
  A giant newt zombie (Crypt:2)
  11 jackals
  A jackal skeleton (D:4)
  38 kobolds
  A kobold zombie (Crypt:1)
  A quokka skeleton (D:8)
  A quokka zombie (D:3)
  19 rats
  4 river rat simulacra (Lair:7)
  8 briar patches
  3 butterflies
  13 crawling corpses
  16 fungi
  A lurking horror (Abyss:3)
  11 plants
  8 starspawn tentacles (Abyss:3)
  2 starspawn tentacle segments (Abyss:3)
4714 creatures vanquished.

Vanquished Creatures (collateral kills)
  A basilisk (Lair:1)
1 creature vanquished.

Vanquished Creatures (others)
  A tengu reaver (Depths:1)
  A frost giant (Vaults:5)
  A blood saint (Pan)
  2 small abominations
  3 vault guards (Vaults:5)
  A blizzard demon (Hell)
  A green death (Pan)
  A deep elf high priest (Elf:2)
  A centaur warrior (Depths:2)
  An alligator (Swamp:1)
  21 ball lightnings (Pan)
  A deep troll (Depths:2)
  A griffon (Lair:8)
  A sixfirhy (Pan)
  A vault sentinel (Vaults:5)
  A yaktaur (Vaults:5)
  An ancient zyme (Abyss:3)
  2 deep elf magi
  A water elemental (Hell)
  A swamp drake (Swamp:4)
  A crimson imp (D:5)
  An orc priest (Orc:4)
  A mummy (Crypt:3)
  2 orcs (Elf:2)
  9 eldritch tentacle segments (Zig:8)
  23 fungi
  10 lost souls
  A lurking horror (Abyss:3)
  26 plants
  14 starspawn tentacles
  112 starspawn tentacle segments (Abyss:3)
244 creatures vanquished.

Grand Total: 4959 creatures vanquished

Notes
Turn   | Place    | Note
--------------------------------------------------------------
     0 | D:1      | RKaid the Minotaur Fighter began the quest for the Orb.
     0 | D:1      | Reached XP level 1. HP: 19/19 MP: 0/0
   223 | D:1      | You fall through a shaft!
   226 | D:2      | Reached XP level 2. HP: 26/26 MP: 1/1
   449 | D:1      | Reached skill level 1 in Dodging
   643 | D:1      | Reached XP level 3. HP: 29/31 MP: 2/2
  1024 | D:2      | Reached skill level 4 in Axes
  1061 | D:2      | Found a shadowy altar of Dithmenos.
  1226 | D:2      | Reached XP level 4. HP: 28/39 MP: 3/3
  1935 | D:3      | Found an iron altar of Okawaru.
  1949 | D:3      | Reached skill level 5 in Axes
  1991 | D:3      | Became a worshipper of Warmaster Okawaru
  2043 | D:3      | Reached XP level 5. HP: 45/45 MP: 4/4
  2799 | D:4      | Reached skill level 1 in Throwing
  2817 | D:4      | Found a shattered altar of Ashenzari.
  2819 | D:4      | Found a glowing silver altar of Zin.
  2848 | D:4      | Reached skill level 6 in Axes
  2848 | D:4      | Reached XP level 6. HP: 49/52 MP: 5/5
  3149 | D:4      | Noticed an ogre
  3157 | D:4      | Killed an ogre
  3157 | D:4      | Reached * piety under Okawaru
  3259 | D:4      | Found a sparkling altar of Nemelex Xobeh.
  3318 | D:4      | Reached XP level 7. HP: 50/60 MP: 6/6
  3482 | D:5      | Entered Level 5 of the Dungeon
  3496 | D:5      | Gained mutation: You can breathe flames. [potion of beneficial mutation]
  3633 | D:5      | Noticed Crazy Yiuf
  3641 | D:5      | Killed Crazy Yiuf
  3689 | D:5      | Reached skill level 5 in Shields
  3722 | D:5      | Noticed Menkaure
  3728 | D:5      | Killed Menkaure
  3728 | D:5      | Reached skill level 5 in Fighting
  3728 | D:5      | Reached skill level 7 in Axes
  3728 | D:5      | Reached skill level 5 in Armour
  3745 | D:5      | Reached ** piety under Okawaru
  3789 | D:5      | Found a radiant altar of Vehumet.
  3800 | D:5      | Found a glowing golden altar of the Shining One.
  3811 | D:5      | Found a burning altar of Makhleb.
  3855 | D:5      | Noticed Pikel
  3863 | D:5      | HP: 2/61 [slave[Pikel] (6)]
  3880 | D:5      | Killed Pikel
  3880 | D:5      | Reached XP level 8. HP: 6/70 MP: 7/7
  4713 | D:6      | Found Wugudana's Magic Scroll Emporium.
  4720 | D:6      | Reached skill level 8 in Axes
  4724 | D:6      | Bought a scroll of blinking for 82 gold pieces
  5072 | D:6      | Found Rerad's Jewellery Boutique.
  5136 | D:6      | Reached *** piety under Okawaru
  5141 | D:6      | Found Qelylibb's Gadget Shop.
  5234 | D:6      | Found Zadd's Gadget Shoppe.
  5303 | D:6      | Found a blossoming altar of Fedhas.
  5373 | D:6      | Found Reacluwn's Gadget Shop.
  5547 | D:6      | Found a staircase to the Ecumenical Temple.
  5556 | Temple   | Entered the Ecumenical Temple
  5788 | D:7      | Reached skill level 1 in Invocations
  5788 | D:7      | Reached XP level 9. HP: 45/79 MP: 8/8
  6439 | D:7      | Found a burning altar of Makhleb.
  6810 | D:7      | Reached skill level 9 in Axes
  6992 | D:8      | Noticed Maurice
  7014 | D:8      | Killed Maurice
  7014 | D:8      | Reached **** piety under Okawaru
  7047 | D:8      | Noticed Joseph
  7056 | D:8      | Killed Joseph
  7627 | D:8      | Reached XP level 10. HP: 87/89 MP: 11/11
  7904 | D:8      | Reached ***** piety under Okawaru
  8074 | D:8      | Upgraded the game from 0.17.0 to 0.17.0-7-gfadd4cc
  8132 | D:9      | Received a gift from Okawaru
  8132 | D:9      | Reached skill level 10 in Axes
  8138 | D:9      | Got a warped broad axe {god gift}
  8147 | D:9      | Identified the +9 broad axe of the Blessed Realm {flame, Str+4} (Okawaru gifted it to you on level 9 of the Dungeon)
  8192 | D:9      | Got a slimy ring mail
  8203 | D:9      | Identified the cursed +0 ring mail of Jeyng {Str+2} (You found it on level 9 of the Dungeon)
  8445 | D:9      | Found a staircase to the Lair.
  8561 | D:9      | Found a deep blue altar of Sif Muna.
  8712 | D:9      | Found a stormy altar of Qazlal.
  8712 | D:9      | Found an opulent altar of Gozag.
  8888 | D:10     | Entered Level 10 of the Dungeon
  8893 | D:10     | Reached skill level 5 in Invocations
  8929 | D:10     | Noticed Urug
  8940 | D:10     | Killed Urug
  9304 | D:10     | Noticed a hill giant
  9308 | D:10     | Killed a hill giant
  9321 | D:10     | Reached XP level 11. HP: 92/96 MP: 14/14
  9502 | D:11     | Received a gift from Okawaru
  9502 | D:11     | Reached skill level 10 in Shields
  9505 | D:11     | Got a brightly glowing glaive {god gift}
  9523 | D:11     | Reached skill level 10 in Armour
  9611 | D:11     | Found a flagged portal.
  9617 | Bailey   | Entered a bailey
  9710 | Bailey   | Found an iron altar of Okawaru.
  9717 | Bailey   | Reached skill level 11 in Axes
  9719 | Bailey   | Reached skill level 10 in Fighting
 10270 | Bailey   | Received a gift from Okawaru
 10658 | D:11     | Reached ****** piety under Okawaru
 10704 | D:11     | Found a stormy altar of Qazlal.
 11017 | D:12     | Found a staircase to the Orcish Mines.
 11121 | D:12     | Received a gift from Okawaru
 11122 | D:12     | Noticed a sun demon
 11123 | D:12     | Noticed a sun demon
 11123 | D:12     | Reached XP level 12. HP: 88/107 MP: 16/16
 11131 | D:12     | Got a pair of shimmering boots {god gift}
 11480 | D:12     | Identified the +1 pair of boots "Leolez Kemo" {rN+ Str+3} (Okawaru gifted it to you on level 12 of the Dungeon)
 11774 | D:12     | Reached skill level 12 in Axes
 12818 | Lair:1   | Entered Level 1 of the Lair of Beasts
 13179 | Lair:1   | Noticed a five-headed hydra
 13186 | Lair:1   | Killed a two-headed hydra
 13766 | Lair:1   | Gained mutation: Your natural rate of healing is unusually fast. [potion of beneficial mutation]
 14817 | Lair:3   | Received a gift from Okawaru
 14820 | Lair:3   | Got a pitted broad axe {god gift}
 14825 | Lair:3   | Identified the +9 broad axe "Birphyah" {speed, rF- Str+3 Dex+6} (Okawaru gifted it to you on level 3 of the Lair of Beasts)
 15042 | Lair:3   | Reached skill level 13 in Axes
 15042 | Lair:3   | Reached XP level 13. HP: 115/115 MP: 18/18
 15582 | Lair:4   | Found a hole to the Spider Nest.
 15774 | Lair:4   | Found a staircase to the Swamp.
 16779 | Lair:5   | Received a gift from Okawaru
 17797 | Lair:6   | Got a pair of dazzling boots
 17808 | Lair:6   | Identified the +1 pair of boots of the Wilderness {rN+ MP-9 Dex+3} (You found it on level 6 of the Lair of Beasts)
 18371 | Lair:6   | Reached skill level 14 in Axes
 18590 | Lair:7   | Found a viscous altar of Jiyva.
 18591 | Lair:7   | Found a staircase to the Slime Pits.
 19629 | Lair:8   | Entered Level 8 of the Lair of Beasts
 19791 | Lair:8   | Reached XP level 14. HP: 126/126 MP: 19/19
 19818 | Lair:8   | Received a gift from Okawaru
 20008 | Lair:8   | Received a gift from Okawaru
 20501 | Lair:8   | Got a fine ring mail
 20512 | Lair:8   | Identified the +1 ring mail "Amnol" {+Fly MR- Int+3 SInv} (You found it on level 8 of the Lair of Beasts)
 20716 | Lair:8   | Found a shimmering altar of Xom.
 21060 | Lair:8   | Reached skill level 15 in Axes
 21603 | D:13     | Noticed Azrael
 21620 | D:13     | Killed Azrael
 22001 | D:13     | Received a gift from Okawaru
 22006 | D:13     | Reached skill level 15 in Shields
 22019 | D:13     | Received a gift from Okawaru
 22575 | D:14     | Found a gate to the Vaults.
 22616 | D:14     | Reached XP level 15. HP: 64/134 MP: 20/20
 22632 | D:14     | Received a gift from Okawaru
 22632 | D:14     | Reached skill level 15 in Armour
 22958 | D:14     | Reached skill level 16 in Axes
 23345 | Orc:1    | Entered Level 1 of the Orcish Mines
 23353 | Orc:1    | Noticed Erolcha
 23377 | Orc:1    | Killed Erolcha
 23847 | Orc:1    | Found a roughly hewn altar of Beogh.
 24241 | Orc:3    | Found a staircase to the Elven Halls.
 24418 | Orc:3    | Found Vuuqoegh's Gadget Emporium.
 24731 | Orc:4    | Entered Level 4 of the Orcish Mines
 24796 | Orc:4    | Found a radiant altar of Vehumet.
 25338 | Orc:4    | Found Jaon's Jewellery Shop.
 25471 | Orc:4    | Found Codder Too's Armour Emporium.
 25473 | Orc:4    | Found Etoemikk's Food Shop.
 25475 | Orc:4    | Found Pehesuun's Jewellery Emporium.
 25522 | Orc:4    | Bought an uncursed ring of see invisible for 210 gold pieces
 25849 | Spider:1 | Entered Level 1 of the Spider Nest
 26198 | Spider:1 | Identified a +1 pair of boots of running (You found it on level 1 of the Spider Nest)
 26211 | Spider:1 | Noticed Josephine
 26226 | Spider:1 | Received a gift from Okawaru
 26226 | Spider:1 | Killed Josephine
 26236 | Spider:1 | Got a jewelled large shield {god gift}
 26248 | Spider:1 | Identified the +6 large shield of the Mantidfly {rF+ rC++ Int+4} (Okawaru gifted it to you on level 1 of the Spider Nest)
 26418 | Spider:1 | Reached skill level 17 in Axes
 27096 | Spider:2 | Identified a scroll of acquirement
 27803 | Spider:3 | Reached XP level 16. HP: 139/142 MP: 21/21
 28554 | Spider:4 | Entered Level 4 of the Spider Nest
 28554 | Spider:4 | Noticed Louise
 28695 | Spider:4 | Killed Louise
 28695 | Spider:4 | Received a gift from Okawaru
 28889 | Spider:4 | Reached skill level 18 in Axes
 29380 | Spider:4 | Received a gift from Okawaru
 29757 | Spider:4 | Received a gift from Okawaru
 29783 | Spider:4 | Got a gossamer rune of Zot
 29935 | Spider:4 | Received a gift from Okawaru
 29996 | Spider:4 | Reached skill level 19 in Axes
 30467 | Swamp:1  | Entered Level 1 of the Swamp
 30660 | Swamp:1  | Found a stormy altar of Qazlal.
 31387 | Swamp:2  | Received a gift from Okawaru
 31627 | Swamp:2  | Reached XP level 17. HP: 110/154 MP: 22/22
 31710 | Swamp:2  | Noticed Kirke
 31736 | Swamp:2  | Killed Kirke
 32127 | Swamp:3  | Reached skill level 15 in Fighting
 32842 | Swamp:4  | Entered Level 4 of the Swamp
 32874 | Swamp:4  | Received a gift from Okawaru
 32878 | Swamp:4  | Got a steaming broad axe {god gift}
 32881 | Swamp:3  | Identified the +6 broad axe of Faixtap {chop, rF+} (Okawaru gifted it to you on level 4 of the Swamp)
 33327 | Swamp:4  | Reached skill level 20 in Axes
 33408 | Swamp:4  | Got a decaying rune of Zot
 33455 | Swamp:4  | Received a gift from Okawaru
 33574 | Swamp:4  | Noticed a tentacled monstrosity
 33588 | Swamp:4  | Killed a tentacled monstrosity
 34099 | D:15     | Entered Level 15 of the Dungeon
 34155 | D:15     | Found a staircase to the Depths.
 34375 | D:15     | Found a basalt altar of Yredelemnul.
 34571 | D:15     | Received a gift from Okawaru
 34618 | D:15     | Found a snail-covered altar of Cheibriados.
 34652 | D:15     | Found a portal to a secret trove of treasure.
 34733 | Depths:1 | Entered Level 1 of the Depths
 34805 | Depths:1 | Reached XP level 18. HP: 158/169 MP: 23/23
 34895 | Depths:1 | Reached skill level 21 in Axes
 34924 | Depths:1 | Received a gift from Okawaru
 35081 | Depths:1 | Received a gift from Okawaru
 35199 | Depths:1 | Found a gateway to Hell.
 35241 | Depths:1 | Found Quive's Weapon Emporium.
 35965 | Depths:3 | Received a gift from Okawaru
 36025 | Depths:3 | Reached skill level 22 in Axes
 36132 | Depths:3 | Received a gift from Okawaru
 36251 | Depths:3 | Noticed a caustic shrike
 36251 | Depths:3 | Noticed a caustic shrike
 36252 | Depths:3 | Noticed a caustic shrike
 36252 | Depths:3 | Noticed a caustic shrike
 36258 | Depths:2 | Noticed an ancient lich
 36269 | Depths:2 | Killed an ancient lich
 36269 | Depths:2 | Received a gift from Okawaru
 36269 | Depths:2 | Reached XP level 19. HP: 71/181 MP: 16/24
 36428 | Depths:2 | Noticed a lich
 36441 | Depths:2 | Killed a lich
 36441 | Depths:2 | Reached skill level 23 in Axes
 36574 | Depths:2 | Got a transparent leather armour
 36870 | Depths:2 | Paralysed by a giant eyeball for 3 turns
 36890 | Depths:2 | Paralysed by a giant eyeball for 2 turns
 36972 | Depths:2 | Reached skill level 24 in Axes
 37332 | Depths:2 | Received a gift from Okawaru
 37338 | Depths:2 | Got an encrusted large shield {god gift}
 37349 | Depths:2 | Identified the +7 large shield of Demmod {rN++ Int+3} (Okawaru gifted it to you on level 2 of the Depths)
 37517 | Depths:2 | Identified the +1 leather armour of the Armoured One {rC- Str+2 Dex+5} (You took it off a vampire on level 2 of the Depths)
 38445 | Vaults:1 | Entered Level 1 of the Vaults
 40038 | Vaults:2 | Reached XP level 20. HP: 174/188 MP: 25/25
 40140 | Vaults:2 | Noticed Asterion
 40151 | Vaults:2 | Killed Asterion
 40151 | Vaults:2 | Received a gift from Okawaru
 40708 | Vaults:2 | Reached skill level 25 in Axes
 41377 | Vaults:3 | Noticed Nikola
 41405 | Vaults:3 | Killed Nikola
 41458 | Vaults:3 | Found a staircase to the Crypt.
 41669 | Vaults:3 | Noticed Margery
 41681 | Vaults:3 | Killed Margery
 41782 | Vaults:3 | Reached skill level 1 in Crossbows
 41965 | Vaults:3 | Received a gift from Okawaru
 42132 | Vaults:3 | Received a gift from Okawaru
 42176 | Vaults:3 | Reached skill level 5 in Crossbows
 42324 | Vaults:3 | Got a bloodstained battleaxe {god gift}
 42337 | Vaults:3 | Identified the +6 battleaxe of Strategic Superiority {vamp, +Rage rN+ MR+ Int+3} (Okawaru gifted it to you on level 3 of the Vaults)
 43236 | Vaults:3 | Got a shimmering granite ring
 43253 | Vaults:3 | Identified the cursed ring of the Fifty Curses {rF+ rN+ MP-9 EV-3 Str+9} (You found it on level 3 of the Vaults)
 43419 | Vaults:4 | Found Wageajo's Weapon Shoppe.
 43497 | Vaults:4 | Noticed Mara
 43509 | Vaults:4 | Noticed RKaid's illusion
 43533 | Vaults:4 | Killed Mara
 43533 | Vaults:4 | Received a gift from Okawaru
 43533 | Vaults:4 | Received a gift from Okawaru
 43576 | Vaults:4 | Found Ifuci's Magic Scroll Boutique.
 43585 | Vaults:4 | Bought a scroll of teleportation for 39 gold pieces
 43585 | Vaults:4 | Bought a scroll of enchant armour for 97 gold pieces
 43729 | Vaults:4 | Reached XP level 21. HP: 190/195 MP: 17/26
 44481 | Vaults:4 | Found Exzar's Antique Weapon Shoppe.
 44991 | Depths:3 | Found a one-way gate to the infinite horrors of the Abyss.
 45045 | Depths:3 | Found a one-way gate leading to the halls of Pandemonium.
 45340 | Depths:3 | Killed a caustic shrike
 45360 | Depths:3 | Killed a caustic shrike
 45697 | D:6      | Bought a wand of teleportation (4) for 336 gold pieces
 45735 | D:6      | Bought a wand of hasting (5) for 702 gold pieces
 46078 | Depths:3 | Killed a caustic shrike
 46106 | Depths:4 | Received a gift from Okawaru
 46127 | Depths:4 | Found a gateway to a ziggurat.
 46270 | Depths:4 | Received a gift from Okawaru
 46369 | Depths:4 | Got a fine ring mail
 46377 | Depths:4 | Identified the +5 ring mail of Cheibriados's Pride {-Cast rN+ Int+4} (You found it on level 4 of the Depths)
 46422 | Depths:4 | Got a translucent ring mail
 46423 | Depths:4 | Identified the +5 ring mail of the Invisible Hand {Int+2 SInv} (You found it on level 4 of the Depths)
 46917 | Depths:4 | Reached skill level 10 in Crossbows
 47467 | Crypt:1  | Entered Level 1 of the Crypt
 47630 | Crypt:1  | Reached XP level 22. HP: 203/203 MP: 18/27
 47667 | Crypt:1  | Received a gift from Okawaru
 47670 | Crypt:1  | Got a pair of twisted gloves {god gift}
 47681 | Crypt:1  | Identified the +0 pair of gloves of an ossuary {+Blink} (Okawaru gifted it to you on level 1 of the Crypt)
 48938 | Crypt:3  | Entered Level 3 of the Crypt
 49351 | Crypt:3  | Got an ancient amber ring
 49351 | Crypt:3  | Got a crude lead ring
 49351 | Crypt:3  | Got a scorched bronze ring
 49354 | Crypt:3  | Identified the ring "Ixeed" {rN+ Str+3} (You found it on level 3 of the Crypt)
 49356 | Crypt:3  | Identified the ring "Jaemp" {rC+ rN+} (You found it on level 3 of the Crypt)
 49358 | Crypt:3  | Identified the ring "Hexe" {-Tele rF+ rN+ Dex+2 SInv} (You found it on level 3 of the Crypt)
 49388 | Crypt:3  | Noticed Xtahua
 49401 | Crypt:3  | Killed Xtahua
 49501 | Crypt:3  | Found a staircase to the Tomb.
 49655 | Crypt:3  | Got an ancient plate armour
 49656 | Crypt:3  | Identified the +8 plate armour of the Last Lives {MR+ Stlth+} (You found it on level 3 of the Crypt)
 49661 | Crypt:3  | Got a glittering pewter ring
 49681 | Crypt:3  | Identified the ring of the Coward {rF- rC+ Int+2 Dex+4} (You found it on level 3 of the Crypt)
 49862 | Crypt:3  | Received a gift from Okawaru
 50158 | Crypt:3  | Found an ancient bone altar of Kikubaaqudgha.
 50179 | Crypt:3  | Noticed an ancient lich
 50191 | Crypt:3  | Killed an ancient lich
 50191 | Crypt:3  | Received a gift from Okawaru
 50195 | Crypt:3  | Got a scorched scale mail {god gift}
 50196 | Crypt:3  | Identified the +1 scale mail of Vaocw {rF+ MR+ Int+2} (Okawaru gifted it to you on level 3 of the Crypt)
 50216 | Crypt:3  | Got an ancient buckler
 50227 | Crypt:3  | Identified the +2 buckler of the Big Bang {rN++ Str+3 Dex+2 SInv} (You found it on level 3 of the Crypt)
 50259 | Crypt:3  | Noticed an ancient lich
 50275 | Crypt:3  | Killed an ancient lich
 51688 | Elf:1    | Entered Level 1 of the Elven Halls
 52317 | Elf:1    | Reached XP level 23. HP: 186/210 MP: 19/28
 53150 | Elf:2    | Found Bahoikla's General Store.
 53183 | Elf:2    | Bought a scroll of blinking for 90 gold pieces
 54225 | Elf:2    | Found Founnink's Assorted Antiques.
 54292 | Elf:2    | Found a runed gate.
 54292 | Elf:2    | Found a runed gate.
 54296 | Elf:2    | Found a runed gate.
 54382 | Elf:2    | Found a gateway to a bazaar.
 54391 | Bazaar   | Entered a bazaar
 54405 | Bazaar   | Found Exze's Weapon Shoppe.
 54435 | Bazaar   | Found Niwausayv's Gadget Shoppe.
 54451 | Bazaar   | Found Cerghuyp's Magic Scroll Emporium.
 54457 | Bazaar   | Bought a scroll of blinking for 90 gold pieces
 54457 | Bazaar   | Bought a scroll of remove curse for 36 gold pieces
 54457 | Bazaar   | Bought a scroll of identify for 24 gold pieces
 54457 | Bazaar   | Bought a scroll of teleportation for 36 gold pieces
 54457 | Bazaar   | Bought a scroll of identify for 24 gold pieces
 54457 | Bazaar   | Bought a scroll of teleportation for 36 gold pieces
 54457 | Bazaar   | Bought a scroll of recharging for 114 gold pieces
 54457 | Bazaar   | Bought a scroll of identify for 24 gold pieces
 54792 | Elf:2    | Noticed Aizul
 54812 | Elf:2    | Killed Aizul
 54816 | Elf:2    | Received a gift from Okawaru
 55542 | Vaults:5 | Entered Level 5 of the Vaults
 55602 | Vaults:5 | Received a gift from Okawaru
 55665 | Vaults:5 | Received a gift from Okawaru
 55679 | Vaults:5 | Got a scorched battleaxe {god gift}
 55680 | Vaults:5 | Identified the +10 battleaxe of Woka {elec, rN+ Str-4 Dex+4} (Okawaru gifted it to you on level 5 of the Vaults)
 55896 | Vaults:5 | Received a gift from Okawaru
 55902 | Vaults:5 | Reached XP level 24. HP: 121/221 MP: 18/28
 55946 | Vaults:5 | Cast into the Abyss (vault warden)
 56131 | Abyss:1  | Paralysed by accursed screaming for 1 turns
 56158 | Abyss:2  | Found a corrupted altar of Lugonu.
 56258 | Abyss:2  | Found a corrupted altar of Lugonu.
 56358 | Abyss:3  | Found a stormy altar of Qazlal.
 56431 | Abyss:3  | Found a corrupted altar of Lugonu.
 56498 | Abyss:3  | Received a gift from Okawaru
 56582 | Abyss:3  | Found a corrupted altar of Lugonu.
 56858 | Abyss:3  | Found a shimmering altar of Xom.
 56861 | Abyss:3  | Found a corrupted altar of Lugonu.
 56864 | Abyss:3  | Found a shimmering altar of Xom.
 56864 | Abyss:3  | Found a shimmering altar of Xom.
 56864 | Abyss:3  | Found a shimmering altar of Xom.
 56864 | Abyss:3  | Found a shimmering altar of Xom.
 56864 | Abyss:3  | Found a shimmering altar of Xom.
 56865 | Abyss:3  | Found a shimmering altar of Xom.
 56865 | Abyss:3  | Found a shimmering altar of Xom.
 56875 | Abyss:3  | Found a shimmering altar of Xom.
 56878 | Abyss:3  | Found a shimmering altar of Xom.
 56891 | Abyss:3  | Found a corrupted altar of Lugonu.
 56895 | Abyss:3  | Found a shimmering altar of Xom.
 56895 | Abyss:3  | Found a shimmering altar of Xom.
 56897 | Abyss:3  | Found a shimmering altar of Xom.
 56897 | Abyss:3  | Found a shimmering altar of Xom.
 56897 | Abyss:3  | Found a shimmering altar of Xom.
 56897 | Abyss:3  | Found a shimmering altar of Xom.
 56945 | Abyss:3  | Found a shimmering altar of Xom.
 56953 | Abyss:3  | Found a shimmering altar of Xom.
 57081 | Abyss:3  | Found a corrupted altar of Lugonu.
 58060 | Abyss:3  | Identified Wothry's Reference Book on Boosting Evil (You found it on level 3 of the Abyss)
 58103 | Abyss:3  | Reached XP level 25. HP: 176/234 MP: 19/28
 58123 | Abyss:3  | Got an abyssal rune of Zot
 58395 | Vaults:5 | Escaped the Abyss
 58409 | Vaults:5 | Received a gift from Okawaru
 58454 | Vaults:5 | Got a flickering granite ring
 58455 | Vaults:5 | Got an ichor-stained plate armour
 58456 | Vaults:5 | Identified the cursed +1 plate armour of Complete Protection {Int+4} (You took it off an orc warrior on level 5 of the Vaults)
 58459 | Vaults:5 | Identified the ring of Amorality {rPois rC+ MR+ MP+9 Dex+2} (You took it off a deep elf high priest on level 5 of the Vaults)
 58556 | Vaults:5 | Got a silver rune of Zot
 58937 | Vaults:5 | Noticed Boris
 58944 | Vaults:5 | Killed Boris
 59059 | Vaults:5 | Got a fine iron ring
 59064 | Vaults:5 | Identified the ring of the Peculiar Beds {+Blink rElec MR+ Int+4 Dex+2} (You took it off a vault warden on level 5 of the Vaults)
 59067 | Vaults:5 | Got a fine plate armour
 59068 | Vaults:5 | Identified the +3 plate armour "Voajomn" {Int+4} (You took it off a vault warden on level 5 of the Vaults)
 59124 | Vaults:5 | Received a gift from Okawaru
 59152 | Vaults:5 | Got a brightly glowing ring mail
 59153 | Vaults:5 | Identified the +1 ring mail of the Swan {*Confuse Regen+ rCorr Dex+4} (You found it on level 5 of the Vaults)
 59224 | Vaults:5 | Gained mutation: You are resistant to electric shocks. [potion of beneficial mutation]
 59531 | Vaults:5 | Got a topaz-encrusted scale mail
 59532 | Vaults:5 | Identified the +10 scale mail "Seymocw" {rCorr} (You found it on level 5 of the Vaults)
 60346 | Depths:5 | Entered Level 5 of the Depths
 60465 | Depths:5 | Noticed Jorgrun
 60472 | Depths:5 | Killed Jorgrun
 60474 | Depths:5 | Received a gift from Okawaru
 60558 | Depths:5 | Reached skill level 26 in Axes
 60790 | Depths:5 | Noticed Boris
 60817 | Depths:5 | Killed Boris
 60995 | Depths:5 | Received a gift from Okawaru
 61199 | Depths:5 | Found a gate to the Realm of Zot.
 61771 | Pan      | Entered Pandemonium
 62506 | Pan      | Found an exit through the horrors of the Abyss.
 62536 | Pan      | Noticed Ejat the pandemonium lord
 62647 | Pan      | Reached XP level 26. HP: 165/248 MP: 28/28
 62867 | Pan      | Received a gift from Okawaru
 62870 | Pan      | Got a pearl-encrusted scale mail {god gift}
 63347 | Pan      | Found an exit through the horrors of the Abyss.
 63538 | Pan      | Gained mutation: You are surrounded by a mild repulsion field (EV +2). [a neqoxec]
 63668 | Pan      | Noticed Dyzycwec the pandemonium lord
 63676 | Pan      | Killed Dyzycwec the pandemonium lord
 64028 | Pan      | Noticed Kapp the pandemonium lord
 64055 | Pan      | Killed Kapp the pandemonium lord
 64115 | Pan      | Reached skill level 27 in Axes
 64584 | Pan      | Found an exit through the horrors of the Abyss.
 64911 | Pan      | Received a gift from Okawaru
 66071 | Pan      | Received a gift from Okawaru
 66267 | Pan      | Noticed Sushraoda the pandemonium lord
 66270 | Pan      | Received a gift from Okawaru
 66284 | Pan      | Killed Sushraoda the pandemonium lord
 66447 | Pan      | Received a gift from Okawaru
 66503 | Pan      | Found an exit through the horrors of the Abyss.
 66951 | Pan      | Received a gift from Okawaru
 66954 | Pan      | Got a brightly glowing plate armour {god gift}
 66955 | Pan      | Identified the +7 plate armour "Cinutuij" {rF+ SInv Stlth-} (Okawaru gifted it to you in Pandemonium)
 66956 | Pan      | Identified the +0 scale mail of Indecent Exposure {rElec rN+ Int-3 Dex+4} (Okawaru gifted it to you in Pandemonium)
 67032 | Pan      | Found an exit through the horrors of the Abyss.
 67142 | Pan      | Noticed Jasugysa the pandemonium lord
 67173 | Pan      | Killed Jasugysa the pandemonium lord
 67398 | Pan      | Reached XP level 27. HP: 228/261 MP: 28/28
 67827 | Pan      | Reached skill level 27 in Armour
 67985 | Pan      | Reached skill level 1 in Stealth
 68119 | Depths:3 | Escaped Pandemonium
 68496 | Slime:1  | Entered Level 1 of the Pits of Slime
 68870 | Slime:6  | Entered Level 6 of the Pits of Slime
 68935 | Slime:6  | Gained mutation: You tend to lose your temper in combat. [a shining eye]
 68936 | Slime:6  | Gained mutation: Scrolls take you a little longer to read. [a shining eye]
 68939 | Slime:6  | Gained mutation: Your mind is acute. (Int +2) [a shining eye]
 69042 | Slime:6  | Noticed the royal jelly
 69060 | Slime:6  | Reached skill level 5 in Stealth
 69373 | Slime:6  | Killed the royal jelly
 69373 | Slime:6  | Received a gift from Okawaru
 69762 | Slime:6  | Got a slimy rune of Zot
 69764 | Slime:6  | Got a transparent great mace
 69767 | Slime:6  | Identified the +8 great mace of Disharmony {crush, +Rage Dex+5 Stlth+} (You found it on level 6 of the Pits of Slime)
 69804 | Slime:6  | Got a faintly glowing bronze ring
 69851 | Slime:6  | Identified the ring "Tuodwape" {rPois Stlth+} (You found it on level 6 of the Pits of Slime)
 69892 | Slime:6  | Got a crude bone ring
 69908 | Slime:6  | Identified the ring of Utzut {rC++ rN+ Int-3 Dex-2 Stlth+} (You found it on level 6 of the Pits of Slime)
 69950 | Slime:6  | Got a crude steel amulet
 69955 | Slime:6  | Identified the amulet of Teotiad {Ward rPois rC+ rN+ Int+2} (You found it on level 6 of the Pits of Slime)
 69984 | Slime:6  | Reached skill level 1 in Evocations
 70185 | Lair:1   | Lost mutation: Your mind is acute. (Int +2) [potion of cure mutation]
 70185 | Lair:1   | Lost mutation: Scrolls take you a little longer to read. [potion of cure mutation]
 70185 | Lair:1   | Lost mutation: You tend to lose your temper in combat. [potion of cure mutation]
 70185 | Lair:1   | Lost mutation: You are surrounded by a mild repulsion field (EV +2). [potion of cure mutation]
 70185 | Lair:1   | Lost mutation: Your natural rate of healing is unusually fast. [potion of cure mutation]
 70191 | Lair:1   | Learned a level 1 spell: Apportation
 70193 | Lair:1   | Learned a level 1 spell: Summon Butterflies
 70196 | Lair:1   | Learned a level 2 spell: Song of Slaying
 70200 | Lair:1   | Learned a level 3 spell: Regeneration
 70437 | Pan      | Entered Pandemonium
 70847 | Pan      | Noticed Heziotum the pandemonium lord
 71251 | Pan      | Found an exit through the horrors of the Abyss.
 71324 | Pan      | Gained mutation: Armour fits poorly on your strangely shaped body. [a cacodemon]
 71850 | Pan      | Found an exit through the horrors of the Abyss.
 71891 | Pan      | Noticed Puezxu the pandemonium lord
 71906 | Pan      | Killed Puezxu the pandemonium lord
 71906 | Pan      | Received a gift from Okawaru
 71906 | Pan      | Reached skill level 1 in Spellcasting
 71921 | Pan      | Got an encrusted battleaxe {god gift}
 72353 | Pan      | Got a demonic rune of Zot
 72763 | Pan      | Reached skill level 1 in Charms
 72921 | Pan      | Noticed Caemir the pandemonium lord
 72927 | Pan      | Killed Caemir the pandemonium lord
 73179 | Pan      | Found an exit through the horrors of the Abyss.
 73617 | Pan      | Noticed Mennas
 73632 | Pan      | Killed Mennas
 73632 | Pan      | Received a gift from Okawaru
 73683 | Pan      | Noticed Bothyen the pandemonium lord
 73689 | Pan      | Killed Bothyen the pandemonium lord
 73710 | Pan      | Received a gift from Okawaru
 73838 | Pan      | Reached skill level 5 in Spellcasting
 74073 | Pan      | Gained mutation: You tend to lose your temper in combat. [a neqoxec]
 74074 | Pan      | Gained mutation: You often lose your temper in combat. [a neqoxec]
 74302 | Pan      | Noticed Feagev the pandemonium lord
 74310 | Pan      | Killed Feagev the pandemonium lord
 74369 | Pan      | Found an exit through the horrors of the Abyss.
 74709 | Pan      | Reached skill level 27 in Fighting
 74743 | Pan      | Entered the realm of Gloorx Vloq.
 74743 | Pan      | Noticed Gloorx Vloq
 75307 | Pan      | Reached skill level 1 in Necromancy
 75826 | Pan      | Killed Gloorx Vloq
 75826 | Pan      | Received a gift from Okawaru
 75826 | Pan      | Reached skill level 5 in Charms
 75826 | Pan      | Reached skill level 1 in Summonings
 75844 | Pan      | Got an ichor-stained scale mail
 75853 | Pan      | Got a dark rune of Zot
 76381 | Pan      | Identified the +7 scale mail of Midsummer {rN+ MR+ rCorr Dex-5} (You found it in Pandemonium)
 76415 | Pan      | Found an exit through the horrors of the Abyss.
 77010 | Depths:3 | Escaped Pandemonium
 77275 | Lair:1   | Gained mutation: You are dopey. (Int -2) [potion of mutation]
 77275 | Lair:1   | Gained mutation: Your magical capacity is low (-10% MP). [potion of mutation]
 77275 | Lair:1   | Gained mutation: You are agile. (Dex +2) [potion of mutation]
 77276 | Lair:1   | Lost mutation: You are dopey. (Int -2) [potion of cure mutation]
 77276 | Lair:1   | Lost mutation: Your magical capacity is low (-10% MP). [potion of cure mutation]
 77276 | Lair:1   | Lost mutation: You can breathe flames. [potion of cure mutation]
 77276 | Lair:1   | Lost mutation: You are agile. (Dex +2) [potion of cure mutation]
 77277 | Lair:1   | Lost mutation: You often lose your temper in combat. [potion of cure mutation]
 77277 | Lair:1   | Lost mutation: Armour fits poorly on your strangely shaped body. [potion of cure mutation]
 77277 | Lair:1   | Lost mutation: You tend to lose your temper in combat. [potion of cure mutation]
 77288 | Lair:1   | Identified the +9 battleaxe "Sused" {antimagic, MR+ Str+5 SInv} (Okawaru gifted it to you in Pandemonium)
 77384 | Lair:1   | Upgraded the game from 0.17.0-7-gfadd4cc to 0.17.0-8-gb983d21
 77641 | Elf:3    | Entered Level 3 of the Elven Halls
 78352 | Elf:3    | Received a gift from Okawaru
 78368 | Elf:3    | Received a gift from Okawaru
 78371 | Elf:3    | Reached skill level 5 in Necromancy
 79249 | Elf:3    | Identified the Catalogue of Flight (You found it on level 3 of the Elven Halls)
 79268 | Elf:3    | Learned a level 2 spell: Blink
 79286 | Elf:3    | Identified a +1 pair of boots of running (You found it on level 3 of the Elven Halls)
 79294 | Elf:3    | Identified Sif Muna's Grimoire of Hexes
 79301 | Elf:3    | Got a sparkling bone ring
 79303 | Elf:3    | Identified the ring of Hafatwut {rPois rF+} (You found it on level 3 of the Elven Halls)
 79317 | Elf:3    | Got a bloodstained triple crossbow
 79325 | Elf:3    | Identified the cursed +2 triple crossbow "Muohuck" {penet, rPois MP+9} (You found it on level 3 of the Elven Halls)
 80070 | Pan      | Entered Pandemonium
 80080 | Pan      | Gained mutation: Your spells are a little easier to cast, but a little less powerful. [a neqoxec]
 80083 | Pan      | Reached skill level 1 in Translocations
 80131 | Pan      | Noticed Okis the pandemonium lord
 80131 | Pan      | Gained mutation: You are occasionally teleported to nearby monsters. [a neqoxec]
 80148 | Pan      | Killed Okis the pandemonium lord
 80192 | Pan      | Received a gift from Okawaru
 80273 | Pan      | Found an exit through the horrors of the Abyss.
 80364 | Pan      | Received a gift from Okawaru
 80755 | Pan      | Found an exit through the horrors of the Abyss.
 80797 | Pan      | Gained mutation: Your body sometimes deteriorates upon taking damage. [a neqoxec]
 80802 | Pan      | Gained mutation: Scrolls take you a little longer to read. [a neqoxec]
 81090 | Pan      | Found a huge runed gate.
 81163 | Pan      | Gained mutation: You are sometimes teleported to nearby monsters. [a neqoxec]
 81184 | Pan      | Gained mutation: You regenerate slowly when monsters are visible. [a neqoxec]
 81290 | Pan      | Noticed Dykioral the pandemonium lord
 81292 | Pan      | Reached skill level 5 in Translocations
 81303 | Pan      | Received a gift from Okawaru
 81318 | Pan      | Gained mutation: You are clumsy. (Dex -2) [a neqoxec]
 81356 | Depths:3 | Escaped Pandemonium
 81822 | Depths:3 | Found a radiant altar of Vehumet.
 81822 | Depths:3 | Noticed Frederick
 81824 | Depths:3 | Found a runed door.
 81830 | Depths:3 | Killed Frederick
 81850 | Depths:3 | Killed a caustic shrike
 81852 | Depths:3 | Received a gift from Okawaru
 82191 | Lair:1   | Lost mutation: Your body sometimes deteriorates upon taking damage. [potion of cure mutation]
 82191 | Lair:1   | Lost mutation: Scrolls take you a little longer to read. [potion of cure mutation]
 82191 | Lair:1   | Lost mutation: You are clumsy. (Dex -2) [potion of cure mutation]
 82191 | Lair:1   | Lost mutation: Your spells are a little easier to cast, but a little less powerful. [potion of cure mutation]
 82191 | Lair:1   | Lost mutation: You regenerate slowly when monsters are visible. [potion of cure mutation]
 82191 | Lair:1   | Lost mutation: You are sometimes teleported to nearby monsters. [potion of cure mutation]
 82234 | Lair:1   | Gained mutation: Scrolls take you a little longer to read. [potion of mutation]
 82234 | Lair:1   | Gained mutation: You are partially covered in slimy green scales (AC +2). [potion of mutation]
 82234 | Lair:1   | Gained mutation: You evolve. [potion of mutation]
 82235 | Lair:1   | Lost mutation: You evolve. [potion of cure mutation]
 82235 | Lair:1   | Lost mutation: You are resistant to electric shocks. [potion of cure mutation]
 82235 | Lair:1   | Lost mutation: You are occasionally teleported to nearby monsters. [potion of cure mutation]
 82235 | Lair:1   | Lost mutation: Scrolls take you a little longer to read. [potion of cure mutation]
 82235 | Lair:1   | Lost mutation: You are partially covered in slimy green scales (AC +2). [potion of cure mutation]
 82585 | Depths:3 | Found a runed door.
 82788 | Depths:3 | Got a warped hand crossbow
 82789 | Depths:3 | Identified the +10 hand crossbow "Peahuratt" {venom, -Tele *Drain rF+++ Int+2} (You found it on level 3 of the Depths)
 82833 | Depths:3 | Identified Zuath's Tome of the Lucky Oath
 83032 | Pan      | Entered Pandemonium
 83276 | Pan      | Reached skill level 10 in Spellcasting
 83306 | Pan      | Noticed Xew Ecal the pandemonium lord
 83318 | Pan      | Killed Xew Ecal the pandemonium lord
 84139 | Pan      | Found an exit through the horrors of the Abyss.
 84162 | Pan      | Received a gift from Okawaru
 84323 | Pan      | Found an exit through the horrors of the Abyss.
 84374 | Pan      | Gained mutation: You are frail (-10% HP). [a cacodemon]
 84376 | Pan      | Noticed Ujuqotry the pandemonium lord
 84390 | Pan      | Reached skill level 15 in Crossbows
 84398 | Pan      | Killed Ujuqotry the pandemonium lord
 84526 | Pan      | Gained mutation: You are somewhat resistant to further mutation. [a neqoxec]
 85171 | Pan      | Gained mutation: Your body sometimes deteriorates upon taking damage. [a cacodemon]
 85274 | Pan      | Got a heavily runed gold dragon armour
 85280 | Pan      | Received a gift from Okawaru
 85422 | Pan      | Identified the cursed +1 gold dragon armour "Huwkokk" {rPois rF+ rC+ Str+3 Stlth+} (You found it in Pandemonium)
 85438 | Pan      | Noticed Juecir the pandemonium lord
 85439 | Pan      | Gained mutation: You are very frail (-20% HP). [a cacodemon]
 85449 | Pan      | Gained mutation: You are occasionally teleported to nearby monsters. [a cacodemon]
 85458 | Pan      | Killed Juecir the pandemonium lord
 85458 | Pan      | Received a gift from Okawaru
 85465 | Pan      | Gained mutation: You are clumsy. (Dex -2) [a cacodemon]
 85481 | Pan      | Gained mutation: You are very clumsy. (Dex -4) [a cacodemon]
 86182 | Pan      | Got a crude tin ring
 86184 | Pan      | Identified the ring "Helicass" {*Corrode MP+9 Str+3 Int-4 SInv} (You took it off a gelid demonspawn in Pandemonium)
 87332 | Pan      | Found an exit through the horrors of the Abyss.
 87526 | Pan      | Took an exit into the Abyss.
 87526 | Abyss:1  | Escaped into the Abyss
 87572 | Abyss:1  | Found a corrupted altar of Lugonu.
 87604 | Depths:3 | Escaped the Abyss
 87848 | Lair:1   | Gained mutation: You can spit weak poison. [potion of mutation]
 87849 | Lair:1   | Lost mutation: You can spit weak poison. [potion of cure mutation]
 87849 | Lair:1   | Lost mutation: You are very frail (-20% HP). [potion of cure mutation]
 87849 | Lair:1   | Lost mutation: You are frail (-10% HP). [potion of cure mutation]
 87849 | Lair:1   | Lost mutation: You are very clumsy. (Dex -4) [potion of cure mutation]
 87850 | Lair:1   | Lost mutation: You are clumsy. (Dex -2) [potion of cure mutation]
 87850 | Lair:1   | Lost mutation: Your body sometimes deteriorates upon taking damage. [potion of cure mutation]
 87850 | Lair:1   | Lost mutation: You are somewhat resistant to further mutation. [potion of cure mutation]
 87850 | Lair:1   | Lost mutation: You are occasionally teleported to nearby monsters. [potion of cure mutation]
 88145 | Hell     | Entered the Vestibule of Hell
 88145 | Hell     | Noticed Geryon
 88157 | Hell     | Killed Geryon
 88253 | Hell     | Received a gift from Okawaru
 88369 | Hell     | Found a gateway to the freezing wastes of Cocytus.
 88439 | Hell     | Received a gift from Okawaru
 88506 | Hell     | Found a gateway to the Iron City of Dis.
 88606 | Hell     | Found a gateway to the decaying netherworld of Tartarus.
 88708 | Hell     | Found a gateway to the ashen valley of Gehenna.
 89781 | Dis:1    | Entered Level 1 of the Iron City of Dis
 89899 | Dis:2    | Received a gift from Okawaru
 89956 | Dis:2    | Reached skill level 5 in Dodging
 90623 | Dis:5    | Received a gift from Okawaru
 90842 | Dis:5    | Reached skill level 10 in Dodging
 91480 | Dis:7    | Entered Level 7 of the Iron City of Dis
 92821 | Zot:1    | Entered Level 1 of the Realm of Zot
 92865 | Zot:1    | Reached skill level 15 in Dodging
 92950 | Zot:1    | Received a gift from Okawaru
 92991 | Zot:1    | Noticed an orb of fire
 92995 | Zot:1    | Gained mutation: Your body sometimes deteriorates upon taking damage. [an orb of fire]
 93004 | Zot:1    | Killed an orb of fire
 93203 | Zot:1    | Received a gift from Okawaru
 93331 | Zot:1    | Received a gift from Okawaru
 93537 | D:15     | You paid a toll of a +3 gold dragon armour to enter a treasure trove
 93538 | Trove    | Entered a treasure trove
 93550 | Trove    | Got a warped lead amulet
 93561 | Trove    | Got a pair of steaming gloves
 93605 | D:15     | Identified the amulet "Bill" {Spirit rPois rC++ Str-2} (You found it in a treasure trove)
 93616 | D:15     | Identified the -3 pair of gloves "Deogg" {rPois rF+ MR-} (You found it in a treasure trove)
 93739 | Pan      | Entered Pandemonium
 93905 | Pan      | Noticed Udecaude the pandemonium lord
 93920 | Pan      | Killed Udecaude the pandemonium lord
 94456 | Pan      | Gained mutation: You are frail (-10% HP). [a cacodemon]
 94473 | Pan      | Gained mutation: Your spells are a little easier to cast, but a little less powerful. [a neqoxec]
 95278 | Pan      | Found an exit through the horrors of the Abyss.
 95316 | Pan      | Entered the realm of Lom Lobon.
 95400 | Pan      | Found an exit through the horrors of the Abyss.
 95958 | Pan      | Noticed Lom Lobon
 96589 | Pan      | Killed Lom Lobon
 97002 | Pan      | Received a gift from Okawaru
 97005 | Pan      | Got a pitted plate armour {god gift}
 97006 | Pan      | Identified the +8 plate armour of Eternity {rN+} (Okawaru gifted it to you in Pandemonium)
 97016 | Pan      | Got a magical rune of Zot
 97207 | Pan      | Took an exit into the Abyss.
 97207 | Abyss:1  | Escaped into the Abyss
 97294 | Depths:3 | Escaped the Abyss
 98806 | Hell     | Learned a level 2 spell: Repel Missiles
 98835 | Hell     | Learned a level 5 spell: Cigotuvi's Embrace
 98839 | Hell     | Lost mutation: Your body sometimes deteriorates upon taking damage. [potion of cure mutation]
 98839 | Hell     | Lost mutation: You are frail (-10% HP). [potion of cure mutation]
 98839 | Hell     | Lost mutation: Your spells are a little easier to cast, but a little less powerful. [potion of cure mutation]
 99118 | Zot:1    | Reached skill level 1 in Air Magic
100168 | Zot:2    | Received a gift from Okawaru
100606 | Zot:2    | Received a gift from Okawaru
100645 | Zot:2    | Received a gift from Okawaru
100868 | Zot:2    | Noticed an orb of fire
101684 | Zot:2    | Gained mutation: Your mind is acute. (Int +2) [an orb of fire]
101692 | Zot:2    | Killed an orb of fire
102084 | Zot:2    | Received a gift from Okawaru
102534 | Zot:3    | Reached skill level 10 in Necromancy
103473 | Zot:4    | Found a huge runed gate.
103473 | Zot:4    | Found a huge runed gate.
103473 | Zot:4    | Found a huge runed gate.
103473 | Zot:4    | Found a huge runed gate.
103474 | Zot:4    | Found a huge runed gate.
103475 | Zot:4    | Found a huge runed gate.
103477 | Zot:4    | Found a huge runed gate.
103478 | Zot:4    | Found a huge runed gate.
103482 | Zot:4    | Found a huge runed gate.
103483 | Zot:4    | Found a huge runed gate.
103485 | Zot:4    | Found a huge runed gate.
103486 | Zot:4    | Found a huge runed gate.
103487 | Zot:4    | Found a huge runed gate.
103488 | Zot:4    | Found a huge runed gate.
103489 | Zot:4    | Found a huge runed gate.
103489 | Zot:4    | Found a huge runed gate.
103495 | Zot:4    | Found a huge runed gate.
103500 | Zot:4    | Found a huge runed gate.
103501 | Zot:4    | Found a huge runed gate.
103501 | Zot:4    | Found a huge runed gate.
103502 | Zot:4    | Found a huge runed gate.
103502 | Zot:4    | Found a huge runed gate.
103503 | Zot:4    | Found a huge runed gate.
103507 | Zot:4    | Found a huge runed gate.
103507 | Zot:4    | Found a huge runed gate.
103507 | Zot:4    | Found a huge runed gate.
103507 | Zot:4    | Found a huge runed gate.
103507 | Zot:4    | Found a huge runed gate.
103507 | Zot:4    | Found a huge runed gate.
103507 | Zot:4    | Found a huge runed gate.
103508 | Zot:4    | Found a huge runed gate.
103619 | Zot:4    | Received a gift from Okawaru
104523 | Zot:4    | Noticed an orb of fire
104523 | Zot:4    | Noticed an orb of fire
104523 | Zot:4    | Gained mutation: You tend to lose your temper in combat. [an orb of fire]
104524 | Zot:4    | Noticed an orb of fire
104759 | Pan      | Entered Pandemonium
104844 | Pan      | Found an exit through the horrors of the Abyss.
105040 | Pan      | Reached skill level 15 in Spellcasting
105103 | Pan      | Noticed Vostreiq the pandemonium lord
105110 | Pan      | Paralysed by Vostreiq for 4 turns
105118 | Pan      | Killed Vostreiq the pandemonium lord
105143 | Pan      | Gained mutation: You occasionally shout uncontrollably at your foes. [a cacodemon]
106359 | Pan      | Noticed Eppu Peisiwn the pandemonium lord
106367 | Pan      | Killed Eppu Peisiwn the pandemonium lord
106411 | Pan      | Gained mutation: Scrolls take you a little longer to read. [a neqoxec]
106412 | Pan      | Gained mutation: You are frail (-10% HP). [a neqoxec]
106492 | Pan      | Paralysed by an infernal chaos champion for 2 turns
106524 | Pan      | Found an exit through the horrors of the Abyss.
106540 | Pan      | Received a gift from Okawaru
106698 | Pan      | Gained mutation: You sometimes yell uncontrollably at your foes. [a neqoxec]
106699 | Pan      | Gained mutation: You often lose your temper in combat. [a neqoxec]
106700 | Pan      | Gained mutation: Armour fits poorly on your strangely shaped body. [a neqoxec]
107042 | Pan      | Took an exit into the Abyss.
107042 | Abyss:1  | Escaped into the Abyss
107076 | Depths:3 | Escaped the Abyss
107219 | Zig:1    | Entered Level 1 of a ziggurat
107235 | Zig:2    | Entered Level 2 of a ziggurat
107292 | Zig:3    | Entered Level 3 of a ziggurat
107349 | Zig:4    | Entered Level 4 of a ziggurat
107353 | Zig:4    | Noticed Vebrui the pandemonium lord
107365 | Zig:4    | Killed Vebrui the pandemonium lord
107371 | Zig:4    | Received a gift from Okawaru
107417 | Zig:5    | Entered Level 5 of a ziggurat
107476 | Zig:6    | Entered Level 6 of a ziggurat
107498 | Zig:6    | Received a gift from Okawaru
107699 | Zig:6    | Got a crude hand crossbow {god gift}
107716 | Zig:6    | Identified the Papyrus of Sinister Magic and Envenoming
107735 | Zig:7    | Entered Level 7 of a ziggurat
107813 | Zig:8    | Entered Level 8 of a ziggurat
107819 | Zig:8    | Noticed an ancient lich
107828 | Zig:8    | Killed an ancient lich
107864 | Zig:8    | Identified the +10 hand crossbow of Mourning {velocity, rC+++ MR+ MP-9 Dex-2} (Okawaru gifted it to you on level 6 of a ziggurat)
107905 | Zig:9    | Entered Level 9 of a ziggurat
107926 | Zig:9    | HP: 11/245 [??? (3)]
107926 | Zig:9    | Killed from afar by a greater mummy

Action                   |  1- 3 |  4- 6 |  7- 9 | 10-12 | 13-15 | 16-18 | 19-21 | 22-24 | 25-27 || total
-------------------------+-------+-------+-------+-------+-------+-------+-------+-------+-------++-------
Melee: War axe           |   117 |   156 |   277 |    86 |       |       |       |       |       ||   636
       Broad axe         |       |       |       |   504 |  1285 |  1327 |  1368 |  1446 |  5239 || 11169
 Fire: Arbalest          |       |       |       |       |       |       |     2 |    19 |    37 ||    58
Throw: Javelin           |       |    10 |     9 |       |    13 |    49 |     3 |       |     4 ||    88
       Tomahawk          |       |     8 |       |       |       |       |     5 |     2 |       ||    15
 Cast: Regeneration      |       |       |       |       |       |       |       |       |    13 ||    13
       Blink             |       |       |       |       |       |       |       |       |     4 ||     4
       Repel Missiles    |       |       |       |       |       |       |       |       |     4 ||     4
       Song of Slaying   |       |       |       |       |       |       |       |       |     2 ||     2
Invok: Heroism           |       |       |     1 |       |       |     2 |     1 |     1 |     5 ||    10
       Finesse           |       |       |       |       |       |     2 |       |       |     3 ||     5
Evoke: Wand              |       |       |       |       |       |     1 |     4 |     2 |    11 ||    18
  Use: Potion            |       |     1 |     3 |     1 |       |     4 |     3 |     9 |    31 ||    52
       Scroll            |       |       |    10 |    17 |     8 |    10 |    16 |    15 |    47 ||   123
 Stab: Invisible         |       |       |       |       |       |       |       |    12 |       ||    12
       Distracted        |       |       |       |       |       |       |       |     1 |     2 ||     3
       Petrifying        |       |       |       |       |       |       |       |       |     1 ||     1
       Paralysed         |       |       |       |       |       |       |       |       |     3 ||     3
       Sleeping          |       |       |       |       |       |       |       |       |     1 ||     1
  Eat: Chunk             |     1 |     6 |     2 |     2 |       |       |     1 |     6 |     6 ||    24
       Beef jerky        |       |       |     2 |     3 |     4 |     2 |       |     1 |    10 ||    22
       Bread ration      |       |       |     2 |       |     5 |     6 |     9 |     6 |    13 ||    41
       Fruit             |       |       |     5 |    10 |     9 |     4 |       |       |    27 ||    55
       Pizza             |       |       |     2 |     6 |     6 |     1 |     2 |     1 |     3 ||    21
       Royal jelly       |       |       |       |     1 |       |       |       |     2 |     3 ||     6
       Meat ration       |       |       |       |       |       |       |       |     1 |    13 ||    14
